 Dungeon Crawl Stone Soup version 0.27.1-35-g4d5d836560 (webtiles) character file.

Game seed: 5550155937799609199

95 cbfl8 the Sneak (level 4, 0/40 HPs)
             Began as a Minotaur Delver on Mar 26, 2022.
             Killed from afar by Ijyb (18 damage)
             ... with a bolt of acid
             ... on level 3 of the Dungeon.
             The game lasted 00:00:52 (680 turns).

cbfl8 the Sneak (Minotaur Delver)                    Turns: 680, Time: 00:00:53

Health: 0/40       AC:  0    Str: 17    XL:     4   Next: 40%
Magic:  3/3        EV: 12    Int:  7    God:
Gold:   0          SH:  0    Dex: 12    Spells: 3/3 levels left

rFire    . . .     SeeInvis .   d - +0 battleaxe
rCold    . . .     Faith    .   (shield currently unavailable)
rNeg     . . .     Spirit   .   b - +0 leather armour
rPois    .         Reflect  .   (helmet restricted)
rElec    .         Harm     .   (no cloak)
rCorr    .         Rampage  .   (no gloves)
Will     .....                  (no boots)
Stlth    +++.......             (no amulet)
HPRegen  0.13/turn              (no ring)
MPRegen  0.08/turn              (no ring)

@: corroded
A: horns 2, retaliatory headbutt
a: no special abilities


You were on level 3 of the Dungeon.
You visited 1 branch of the dungeon, and saw 3 of its levels.

Inventory:

Hand Weapons
 a - a +0 hand axe
 d - a +0 battleaxe (weapon)
Armour
 b - a +0 leather armour (worn)
Wands
 g - a wand of digging (3)
Scrolls
 c - a scroll of fog
 e - a scroll of fear
 h - a scroll of identify {unknown}
Potions
 f - a potion of haste
 i - a potion of flight {unknown}


   Skills:
 + Level 4.1 Fighting
 + Level 2.8 Axes
 + Level 0.7 Armour
 + Level 2.4 Dodging
 + Level 5.2 Stealth


You had 3 spell levels left.
You didn't know any spells.
Your spell library contained the following spells:

 Spells                   Type           Power      Damage    Failure   Level
 Magic Dart               Conj           0%         1d3       50%         1
 Searing Ray              Conj           0%         3d3       63%         2
 Fulminant Prism          Conj/Hex       0%         3d6       99%         4


Dungeon Overview and Level Annotations

Branches:
Dungeon (5/15)
 Temple: D:4-7

Altars:
Okawaru

Annotations:
D:3 Ijyb


Innate Abilities, Weirdness & Mutations

You have a pair of horns on your head.
You reflexively headbutt those who attack you in melee.


Message History

Found a lumpy yellow potion.
The goblin hits you with a +0 dagger.
You closely miss the goblin. The goblin hits you with a +0 dagger.
You closely miss the goblin. The goblin misses you.
The goblin hits you but does no damage.
You closely miss the goblin. Your headbutt misses the goblin.
The goblin hits you with a +0 dagger. The goblin hits you but does no damage.
You barely miss the goblin. The goblin misses you.
You hit the goblin. You headbutt the goblin.
You kill the goblin!
You see here a +0 dagger.
Found a stone staircase leading up.
h - a scroll labelled DOPHORPH FAFFEYF
i - a murky ruby potion
Found 10 gold pieces.
An endoplasm, a hobgoblin and an orc come into view.
An ogre comes into view. It is wielding a +0 giant spiked club.
The endoplasm quivers.
The endoplasm jiggles.
There is a stone staircase leading up here.
You hit the endoplasm. You headbutt the endoplasm.
You kill the endoplasm!
There is a stone staircase leading up here.
You climb upwards.
There is a stone staircase leading down here.
HP restored.
Found a stone staircase leading down.
An adder comes into view.
The adder hisses angrily.
You closely miss the adder. The adder bites you but does no damage.
The adder closely misses you. You furiously retaliate!
You headbutt the adder! You hit the adder.
You kill the adder!
Ijyb the Twisted Goblin comes into view.
She is wielding a +0 dagger and carrying a wand of acid (8).
Ijyb shouts!
Ijyb screams, "I cut your head off!"
Ijyb zaps a wand.
The bolt of acid hits you! The acid corrodes you!
You are splashed with acid!
Ijyb zaps a wand.
The bolt of acid hits you!!
You die...

######.# .... #......
..... ##.....# ....##
......# #....#
#.....# .....###
#.....# .......###
#.g...# .........#
#..@..# .......#.###
#.....#
.....#.....###.....##
#....#.....##.......#
#.####....>##.......#
#.# #.....##.......#
..# ##.....###.....##
### #......# ##...##
..# #.####.#####.##


You could see Ijyb.

Vanquished Creatures
  A scorpion (D:5)
  A killer bee zombie (D:5)
  An adder (D:3)
  An endoplasm (D:4)
  A goblin (D:4)
5 creatures vanquished.

Notes
Turn   | Place    | Note
-------+----------+-------------------------------------------
     0 | D:5      | cbfl8 the Minotaur Delver began the quest for the Orb.
     0 | D:5      | Reached XP level 1. HP: 19/19 MP: 0/0
    40 | D:5      | Reached XP level 2. HP: 6/27 MP: 1/1
   292 | D:5      | Noticed a scorpion
   303 | D:5      | Killed a scorpion
   304 | D:5      | Reached skill level 5 in Stealth
   304 | D:5      | Reached XP level 3. HP: 14/33 MP: 2/2
   304 | D:5      | Reached XP level 4. HP: 18/40 MP: 3/3
   542 | D:5      | Found an iron altar of Okawaru.
   601 | D:4      | Noticed an ogre
   675 | D:3      | Noticed Ijyb
   680 | D:3      | Killed from afar by Ijyb

Illustrated notes

Levels and vault maps discovered:
D:3:      layout_loops_cross, chequers_temple_overflow_minitemple, uniq_ijyb
D:4:      layout_cave_pools, xom_teletrap_fun, minmay_crystal_water,
          minmay_misc_feat_five, minmay_bisected
D:5:      layout_loops_corners, okawaru_trees_2, uniq_grinder

Skill      XL: |  1  2 |
---------------+-------+-----
Fighting       | 4 |  4.1
Stealth        | 5 |  5.2
Axes           | |  2.8
Armour         | |  0.7
Dodging        | |  2.4

Action                   |  1- 3 |  4- 6 || total
-------------------------+-------+-------++-------
Melee: Hand axe          |    15 |       ||    15
       Headbutt          |     2 |     2 ||     4
       Battleaxe         |       |     8 ||     8
  Use: Scroll            |     1 |       ||     1
Armor: Leather armour    |     1 |     3 ||     4
Dodge: Dodged            |    14 |     3 ||    17
